 Dungeon Crawl Stone Soup version 0.25-a0-975-gcae8493d64 (webtiles) character file.

Game seed: 13938582645888561467, levelgen mode: classic

101337 Amnesiac the Gelid (level 15, -8/90 HPs)
             Began as a Deep Elf Ice Elementalist on May 9, 2020.
             Was the Champion of Vehumet.
             Killed themself with a badly aimed burst of rock shards (16 damage)
             ... on level 1 of the Elven Halls.
             The game lasted 01:21:42 (34953 turns).

Amnesiac the Gelid (Deep Elf Ice Elementalist)     Turns: 34953, Time: 01:21:43

Health: -8/90      AC: 15    Str:  8    XL:     15   Next: 83%
Magic:  3/37       EV: 21    Int: 29    God:    Vehumet [******]
Gold:   808        SH: 11    Dex: 15    Spells: 13/47 levels left

rFire    + . .     SeeInvis +   a - +9 scimitar (vorpal)
rCold    + . .     Gourm    .   C - +2 buckler {rPois}
rNeg     . . .     Faith    .   p - +3 leather armour "Zodarcheel" {rC+ MR+ Int+2}
rPois    +         Spirit   .   k - +2 hat {SInv}
rElec    .         Reflect  .   f - +0 cloak
rCorr    .         Harm     .   m - +0 pair of gloves {Str+3}
MR       ++...                  q - +2 pair of boots
Stlth    ++........             J - amulet of regeneration
HPRegen  0.65/turn              R - ring of wizardry
MPRegen  0.25/turn              y - ring of protection from fire

@: no status effects
A: large bone plates 1, yellow scales 1, MP-powered wands
a: Renounce Religion


You were on level 1 of the Elven Halls.
You worshipped Vehumet.
Vehumet was exalted by your worship.
You were not hungry.

You visited 5 branches of the dungeon, and saw 22 of its levels.

You collected 3071 gold pieces.
You spent 2263 gold pieces at shops.

Inventory:

Hand Weapons
 a - a +9 vorpal scimitar (weapon)
Missiles
 e - 12 curare-tipped darts (quivered)
Armour
 f - a +0 cloak (worn)
 k - a +2 hat of see invisible (worn)
 m - a +0 pair of gloves of strength (worn)
 p - the +3 leather armour "Zodarcheel" (worn) {rC+ MR+ Int+2}
   (You bought it in a shop on level 5 of the Dungeon)

   It affects your intelligence (+2).
   It protects you from cold.
   It affects your resistance to hostile enchantments.
 q - a +2 pair of boots (worn)
 C - a +2 buckler of poison resistance (worn)
Jewellery
 y - a ring of protection from fire (right hand)
 J - an amulet of regeneration (around neck)
 L - the ring of the Cuttlefish {rF+ Int+3}
   (You took it off a deep elf mage on level 1 of the Elven Halls)

   [ring of protection from fire]

   It affects your intelligence (+3).
   It protects you from fire.
 R - a ring of wizardry (left hand)
Wands
 i - a wand of flame (53)
 j - a wand of enslavement (8)
 o - a wand of digging (1)
 v - a wand of paralysis (10)
 H - a wand of random effects (17)
 Q - a wand of polymorph (9)
 S - a wand of iceblast (9)
Scrolls
 g - 7 scrolls of remove curse {!r}
 h - 2 scrolls of blinking {!r}
 l - 5 scrolls of magic mapping {!r}
 r - 3 scrolls of fog {!r}
 u - 2 scrolls of teleportation {!r}
 I - 5 scrolls of fear {!r}
Potions
 n - 3 potions of lignification {!q}
 t - 4 potions of might {!q}
 x - a potion of ambrosia {!q}
 z - a potion of brilliance {!q}
 A - 3 potions of heal wounds {!q}
 B - 3 potions of flight {!q}
 D - 2 potions of berserk rage {!q}
 E - 4 potions of haste {!q}
 F - 8 potions of curing {!q}
 N - 2 potions of magic {!q}
Miscellaneous
 O - a tin of tremorstones
Comestibles
 b - 7 chunks of flesh
 c - 27 rations


   Skills:
 - Level 9.0 Fighting
 - Level 15.0 Dodging
 - Level 3.0 Stealth
 - Level 4.0 Shields
 + Level 16.6 Spellcasting
 * Level 19.3 Ice Magic
 - Level 3.0 Evocations


You had 13 spell levels left.
You knew the following spells:

 Your Spells              Type           Power        Failure   Level  Hunger
a - Ozocubu's Refrigerat  Ice            #######...   1%          6    ###....
b - Frozen Ramparts       Ice            ######       0%          3    None
c - Summon Ice Beast      Ice/Summ       ######..     1%          4    None
d - Hailstorm             Conj/Ice       ######..     1%          4    None
e - Ice Form              Ice/Tmut       ######..     1%          4    None
f - Freeze                Ice            ####         0%          1    None
g - Summon Butterflies    Summ           ###.....     1%          1    None
h - Ensorcelled Hibernat  Hex/Ice        ######       1%          2    None
s - Leda's Liquefaction   Hex/Erth       ###.......   12%         4    None
v - Blink                 Tloc           N/A          1%          2    None
z - Ozocubu's Armour      Chrm/Ice       ######..     1%          3    None

Your spell library contained the following spells:

 Spells                   Type           Power        Failure   Level  Hunger
 Yara's Violent Unravell  Hex/Tmut       ###.......   9%          5    None
 Beastly Appendage        Tmut           ###...       1%          1    None
 Corona                   Hex            ###....      1%          1    None
 Magic Dart               Conj           ###.         1%          1    None
 Call Imp                 Summ           ###.....     1%          2    None
 Slow                     Hex            ###.....     1%          2    None
 Sticks to Snakes         Tmut           ###.....     1%          2    None
 Conjure Flame            Conj/Fire      ###.....     1%          3    None
 Dazzling Flash           Conj/Hex       ###...       1%          3    None
 Inner Flame              Hex/Fire       ###.....     1%          3    None
 Mephitic Cloud           Conj/Pois/Air  ###.....     1%          3    None
 Call Canine Familiar     Summ           ###.....     3%          3    None
 Confusing Touch          Hex            ###.....     3%          3    None
 Portal Projectile        Hex/Tloc       ###...       3%          3    None
 Spider Form              Tmut/Pois      ###.......   3%          3    None
 Tukima's Dance           Hex            ###.....     3%          3    None
 Cause Fear               Hex            ###.......   12%         4    None
 Blade Hands              Tmut           ###.......   30%         5    None
 Summon Mana Viper        Hex/Summ       ###.....     30%         5    None
 Summon Hydra             Summ           ###.......   100%        7    #####..


Dungeon Overview and Level Annotations

Branches:
Dungeon (12/15)            Temple (1/1) D:7            Lair (6/6) D:11
  Swamp (0/4) Lair:2       Spider (0/4) Lair:2        Slime (0/5) Lair:5
    Orc (2/2) D:12            Elf (1/3) Orc:2

Altars:
Ashenzari
Cheibriados
Dithmenos
Elyvilon
Fedhas
Gozag
Hepliaklqana
Kikubaaqudgha
Makhleb
Nemelex Xobeh
Okawaru
Qazlal
Ru
Sif Muna
Trog
Uskayaw
Vehumet
Wu Jian
Xom
Yredelemnul
Zin
The Shining One
Beogh
Jiyva

Shops:
D:5 [   D:6 (   D:11 }[   Orc:1 [   Orc:2 ?((:   Elf:1 [=

Annotations:
D:2 1 exclusion
D:11 exclusions: ugly thing and 1 more exclusion
Elf:1 3 runed translucent doors


Innate Abilities, Weirdness & Mutations

You are partially covered in large bone plates. (SH +4)
You are partially covered in yellow scales. (AC +2)
You expend magic power (3 MP) to strengthen your wands.


Message History

Ouch! That really hurt!
* * * LOW HITPOINT WARNING * * *
Casting: Hailstorm (safe; 1% risk of failure)
Confirm with . or Enter, or press ? or * to list all spells.
You don't have enough magic to cast that spell.
Unknown command.
Casting: Hailstorm (safe; 1% risk of failure)
Confirm with . or Enter, or press ? or * to list all spells.
You don't have enough magic to cast that spell.
Unknown command.
Evoke which item? (* to show all) (? for menu, Esc to quit)
Okay, then.
The iron dragon bites your ice beast but does no damage.
The iron dragon claws your ice beast!!
The iron dragon tramples your ice beast.
Your ice beast stumbles backwards!
The iron dragon bites your ice beast but does no damage.
The iron dragon claws your ice beast.
The iron dragon tramples your ice beast!!
Your ice beast holds its ground!
Your ice beast dies!
Items here: ( )) [ รท a +0 short sword; a +0 longbow; 25 arrows; a +0 leather armour; an elf skeleton
Things that are here:
a +0 mace; an orc skeleton The iron dragon breathes metal splinters at your ice beast.
The spray of metal splinters hits your ice beast!!
Your ice beast dies!
Things that are here:
a +2 long sword; a +0 plate armour; an orc skeleton Evoke which item? (* to show all) (? for menu, Esc to quit)
Aiming: Iceblast
Press: ? - help, Shift-Dir - straight line, f - you, p - iron dragon
Okay, then.
Evoke which item? (* to show all) (? for menu, Esc to quit)
Aiming: Phantom Mirror
Press: ? - help, Dir - move target cursor, f/p - iron dragon
Aim: an iron dragon (almost dead, unaware, catching @pronoun_posessive@ breath, hasn't noticed you)
You reflect the iron dragon with the mirror, and the mirror shatters!
Your iron dragon tramples the iron dragon.
The iron dragon holds its ground!
The iron dragon bites your iron dragon but does no damage.
The iron dragon claws your iron dragon but does no damage.
The iron dragon tramples your iron dragon.
Your iron dragon holds its ground!
Something bites your iron dragon. Something claws your iron dragon!
Something tramples your iron dragon but does no damage.
There is a large open door here.
A spray of metal splinters appears from out of your range of vision.
The spray of metal splinters hits your iron dragon!!
Your iron dragon dies!
Your iron dragon's corpse shimmers and vanishes!
Okay, then.
Evoke which item? (* to show all) (? for menu, Esc to quit)
The tremorstone explodes into fragments!
The burst of rock shards engulfs you but does no damage. x3
The iron dragon roars deafeningly!
Evoke which item? (* to show all) (? for menu, Esc to quit)
The tremorstone explodes into fragments!
The burst of rock shards engulfs you.
* * * LOW HITPOINT WARNING * * *
The burst of rock shards engulfs you but does no damage. x2
The burst of rock shards engulfs you!
You die...

#)# #.##.# #.#.#
#)####.##.####.#.###
#)#..............##.
#)#.##.##.##........
#####.#.##.##.###....###
#......[...##........#
#.#####.##########.###
#.#####.## #.# #.....#@.#
##'## ##''#''#''##
##...## #8.....)))8#
##.....## #8..).))))8#
##.......##
##..#.)#).#####.........#
#8...)...)8#..'.........'
#8...)))D)8####.........#
##))#.)#..## ##.......##
#8.....)).8# ##.....##


You could see an iron dragon (catching breath).

Vanquished Creatures
  Agnes (Elf:1)
  A stone giant (D:12)
  2 deep elf demonologists (Elf:1)
  An ettin (D:12)
  3 deep elf high priests (Elf:1)
  A fire dragon (Elf:1)
  Erolcha (D:11)
  4 hydras
  2 catoblepae
  9 two-headed ogres
  2 dancing weapons (Elf:1)
  2 ogre magi (Orc:2)
  A deep troll shaman (Lair:6)
  6 death yaks (Lair:6)
  An orc high priest (Orc:1)
  10 deep elf knights (Elf:1)
  2 deep trolls (Orc:2)
  10 deep elf archers (Elf:1)
  A lindwurm (Lair:6)
  A wolf spider zombie (D:12)
  Pikel (D:8)
  3 orc knights
  3 oklob plants (Lair:5)
  2 orc sorcerers
  32 deep elf magi
  An ugly thing (D:11)
  2 cyclopes (Orc:2)
  A black mamba (Lair:4)
  A torpor snail (Lair:3)
  12 spiny frogs
  Maggie (D:8)
  2 elephants (Lair:6)
  A gargoyle (D:10)
  3 rime drakes
  7 komodo dragons
  2 polar bears
  A meliai (shapeshifter) (Elf:1)
  12 trolls
  A hornet (D:9)
  20 blink frogs
  4 slime creatures (D:12)
  A bog body (Lair:2)
  9 hippogriffs
  4 dream sheep (Lair:6)
  A shadow (D:11)
  An air elemental (Elf:1)
  2 redbacks (Lair:2)
  4 water elementals (Elf:1)
  3 fire elementals (Elf:1)
  42 yaks
  A wraith (D:11)
  A basilisk (Lair:1)
  4 wyverns
  A hungry ghost (D:12)
  A golden eye (shapeshifter) (Elf:1)
  A swamp worm (Lair:2)
  An acid dragon (D:12)
  8 wargs
  10 water moccasins
  9 porcupines
  28 orc warriors
  A sky beast (D:10)
  4 slaves (D:8)
  2 black bears (Lair:6)
  A swamp drake (Orc:2)
  3 ice beasts
  2 phantoms
  2 necrophages
  27 ogres
  4 wolves (Lair:6)
  2 centaurs
  8 crocodiles
  A big kobold (D:9)
  9 bullfrogs
  2 scorpions
  A jelly (D:5)
  6 wights
  4 electric eels
  5 crimson imps
  A bullfrog zombie (D:5)
  4 howler monkeys
  An iron imp (Orc:2)
  30 orc wizards
  A bullfrog skeleton (D:5)
  21 orc priests
  A centaur skeleton (D:5)
  6 hounds
  Terence (D:3)
  12 worker ants
  2 iguanas
  A hound zombie (D:8)
  A worker ant zombie (D:10)
  Robin (D:2)
  13 gnolls
  17 adders
  4 shadow imps
  A white imp (Orc:2)
  2 adder zombies
  7 adder skeletons
  2 worms
  3 dart slugs
  4 leopard geckos
  87 orcs
  6 bats
  5 giant cockroaches
  17 goblins
  10 hobgoblins
  20 jackals
  3 quokkas
  3 ball pythons
  7 frilled lizards
  7 kobolds
  A quokka skeleton (D:3)
  4 rats
  6 bushes
  36 fungi
  31 plants
768 creatures vanquished.

Vanquished Creatures (collateral kills)
  Gastronok (D:11)
  An orc warlord (D:11)
  A two-headed ogre (D:9)
  A dancing weapon (Elf:1)
  2 orc knights
  Grinder (D:5)
  A hungry ghost (D:7)
  A warg (Orc:1)
  2 swamp worms (Lair:2)
  A porcupine (Lair:2)
  4 orc warriors
  3 ice beasts
  A phantom (D:4)
  An ogre (Orc:2)
  A crocodile (Lair:2)
  3 wights (D:8)
  4 electric eels (D:9)
  A bullfrog zombie (D:5)
  2 orc priests (Orc:2)
  An orc wizard (Orc:2)
  A gnoll (D:8)
  5 orcs
  A leopard gecko skeleton (D:5)
40 creatures vanquished.

Vanquished Creatures (others)
  An orc warrior (D:12)
  An orc (Orc:2)
  A fungus (Lair:4)
  3 plants
6 creatures vanquished.

Grand Total: 814 creatures vanquished

Notes
Turn   | Place    | Note
-------+----------+-------------------------------------------
     0 | D:1      | Amnesiac the Deep Elf Ice Elementalist began the quest for
                  | the Orb.
     0 | D:1      | Reached XP level 1. HP: 10/10 MP: 6/6
   377 | D:1      | Reached XP level 2. HP: 15/15 MP: 5/8
   784 | D:3      | Reached skill level 5 in Ice Magic
   794 | D:3      | Reached XP level 3. HP: 13/19 MP: 2/10
   801 | D:3      | Learned a level 3 spell: Frozen Ramparts
   805 | D:3      | Learned a level 3 spell: Ozocubu's Armour
   943 | D:3      | Noticed Terence
   962 | D:3      | Killed Terence
   972 | D:3      | Reached XP level 4. HP: 21/24 MP: 3/11
  1303 | D:2      | Noticed Robin
  1323 | D:2      | Killed Robin
  1573 | D:4      | Reached skill level 6 in Ice Magic
  1573 | D:4      | Reached XP level 5. HP: 28/28 MP: 9/13
  1685 | D:4      | Reached skill level 5 in Spellcasting
  1850 | D:4      | Reached XP level 6. HP: 12/32 MP: 5/15
  2059 | D:5      | Entered Level 5 of the Dungeon
  2080 | D:5      | Found Ciere's Armour Shoppe.
  2083 | D:5      | Bought a cursed +0 pair of boots for 38 gold pieces
  2262 | D:4      | Reached skill level 7 in Ice Magic
  2553 | D:5      | Learned a level 4 spell: Summon Ice Beast
  3004 | D:4      | Gained mutation: You expend magic power (3 MP) to
                  | strengthen your wands. [potion of mutation]
  3004 | D:4      | Gained mutation: You are partially covered in yellow
                  | scales. (AC +2) [potion of mutation]
  3004 | D:4      | Gained mutation: You are partially covered in large bone
                  | plates. (SH +4) [potion of mutation]
  3005 | D:4      | HP: 1/32 [poisoned by orc (curare-tipped dart)]
  3419 | D:4      | Reached XP level 7. HP: 21/36 MP: 11/18
  3779 | D:5      | Reached skill level 8 in Ice Magic
  3782 | D:5      | Found a blossoming altar of Fedhas.
  3997 | D:5      | Learned a level 4 spell: Hailstorm
  4002 | D:5      | Learned a level 4 spell: Ice Form
  4518 | D:5      | Noticed Grinder
  4550 | D:5      | Killed Grinder
  4550 | D:5      | Reached skill level 9 in Ice Magic
  4699 | D:5      | Reached XP level 8. HP: 38/41 MP: 19/21
  4719 | D:5      | Found a snail-covered altar of Cheibriados.
  5369 | D:6      | Found Joimaumy's Weapon Shop.
  5942 | D:7      | Found a staircase to the Ecumenical Temple.
  5951 | Temple   | Entered the Ecumenical Temple
  7186 | D:3      | Reached skill level 10 in Ice Magic
  7249 | D:3      | Learned a level 2 spell: Blink
  8069 | D:7      | Found a shattered altar of Ashenzari.
  8752 | D:8      | Found a shadowy altar of Dithmenos.
  8835 | D:8      | Found an opulent altar of Gozag.
  8941 | D:8      | Reached skill level 11 in Ice Magic
  8952 | D:8      | Reached XP level 9. HP: 23/45 MP: 11/24
  9153 | D:8      | Found a sparkling altar of Nemelex Xobeh.
  9154 | D:8      | Found a basalt altar of Yredelemnul.
  9156 | D:8      | Found a bloodstained altar of Trog.
  9197 | D:8      | Found a radiant altar of Vehumet.
  9205 | D:8      | Became a worshipper of Vehumet
  9208 | D:8      | Identified Vehumet's Incunabulum of Damage Dealing
  9211 | D:8      | Found an ancient bone altar of Kikubaaqudgha.
  9212 | D:8      | Found a shimmering blue altar of Sif Muna.
  9311 | D:8      | Noticed Maggie
  9322 | D:8      | Killed Maggie
  9572 | D:8      | Found a hide-covered altar of Uskayaw.
  9572 | D:8      | Found a burning altar of Makhleb.
  9573 | D:8      | Found a snail-covered altar of Cheibriados.
  9699 | D:8      | Noticed Pikel
  9705 | D:8      | Killed Pikel
  9705 | D:8      | Reached skill level 10 in Spellcasting
  9705 | D:8      | Reached skill level 12 in Ice Magic
 10123 | D:5      | Bought a +0 buckler of poison resistance for 93 gold pieces
 10457 | D:1      | You fall into a shaft and drop 1 floor!
 10818 | D:9      | Reached skill level 1 in Shields
 10873 | D:9      | Reached * piety under Vehumet
 10873 | D:9      | Offered knowledge of Shock by Vehumet.
 10934 | D:9      | Noticed a troll
 10961 | D:8      | Killed a troll
 11892 | D:9      | Reached XP level 10. HP: 15/50 MP: 15/26
 11996 | D:9      | Noticed a two-headed ogre
 12006 | D:9      | Killed a two-headed ogre
 12006 | D:9      | Reached skill level 1 in Fighting
 12509 | D:9      | Reached skill level 5 in Dodging
 13261 | D:10     | Entered Level 10 of the Dungeon
 13396 | D:10     | Found a glowing golden altar of the Shining One.
 13408 | D:10     | Offered knowledge of Searing Ray by Vehumet.
 13410 | D:10     | Reached ** piety under Vehumet
 13692 | D:10     | Noticed a gargoyle
 13712 | D:10     | Killed a gargoyle
 14453 | D:11     | Found Fupto's Gadget Boutique.
 14572 | D:11     | Found a staircase to the Lair.
 14646 | D:11     | Found Doudoet's Armour Shoppe.
 14653 | D:11     | Bought a +0 cloak for 63 gold pieces
 14871 | D:11     | Noticed a brown ugly thing
 14883 | D:11     | Killed a brown ugly thing
 15093 | D:11     | Noticed a white ugly thing
 15134 | D:11     | Reached XP level 11. HP: 50/61 MP: 27/27
 15337 | D:11     | Offered knowledge of Ignite Poison by Vehumet.
 15424 | D:11     | Noticed a two-headed ogre
 15433 | D:11     | Killed a two-headed ogre
 15448 | D:11     | Noticed Gastronok
 15483 | D:11     | Killed Gastronok
 15483 | D:11     | Reached skill level 10 in Dodging
 15685 | D:11     | Noticed Erolcha
 15693 | D:11     | Killed Erolcha
 15693 | D:11     | Reached skill level 5 in Fighting
 16383 | D:12     | Reached *** piety under Vehumet
 16576 | D:12     | Found an opulent altar of Gozag.
 16914 | D:12     | Offered knowledge of Stone Arrow by Vehumet.
 16927 | D:12     | Found a staircase to the Orcish Mines.
 17681 | Orc:1    | Entered Level 1 of the Orcish Mines
 17681 | Orc:1    | Noticed an orc warlord
 17681 | Orc:1    | Noticed an ettin
 17681 | Orc:1    | Noticed a stone giant
 17706 | D:12     | Killed an ettin
 17982 | D:12     | Killed a stone giant
 17982 | D:12     | Reached XP level 12. HP: 40/71 MP: 3/28
 18315 | D:5      | Bought the +3 leather armour "Zodarcheel" {rC+ MR+ Int+2}
                  | for 448 gold pieces
 18649 | Orc:1    | Reached **** piety under Vehumet
 18653 | Orc:1    | Offered knowledge of Lightning Bolt by Vehumet.
 19177 | Orc:1    | Found a roughly hewn altar of Beogh.
 19178 | Orc:1    | Noticed an orc high priest
 19193 | Orc:1    | Killed an orc high priest
 19194 | Orc:1    | Reached ***** piety under Vehumet
 19470 | Orc:1    | Found Ufrepsui's Antique Armour Shop.
 19616 | Orc:1    | You fall into a shaft and drop 1 floor!
 19616 | Orc:2    | Entered Level 2 of the Orcish Mines
 19616 | Orc:2    | Found a roughly hewn altar of Beogh.
 19634 | Orc:2    | Noticed a two-headed ogre
 19637 | Orc:2    | Noticed a two-headed ogre
 19678 | Orc:2    | HP: 2/72 [orc priest/divine providence (8)]
 19683 | Orc:2    | Killed a two-headed ogre
 19683 | Orc:2    | Offered knowledge of Freezing Cloud by Vehumet.
 19684 | Orc:2    | Killed a two-headed ogre
 19899 | Orc:2    | Reached skill level 15 in Dodging
 20058 | Orc:2    | Noticed Donald
 20075 | Orc:2    | Noticed a two-headed ogre
 20113 | Orc:2    | Killed a two-headed ogre
 20321 | Orc:2    | Noticed an ogre mage
 20325 | Orc:2    | Killed an ogre mage
 20412 | Orc:2    | Noticed a two-headed ogre
 20430 | Orc:2    | Killed a two-headed ogre
 20592 | Orc:2    | Noticed a two-headed ogre
 20606 | Orc:2    | Killed a two-headed ogre
 20606 | Orc:2    | Reached skill level 1 in Evocations
 20651 | Orc:2    | Noticed a two-headed ogre
 20661 | Orc:2    | Killed a two-headed ogre
 20723 | Orc:2    | Reached XP level 13. HP: 80/80 MP: 23/29
 21408 | Orc:2    | Found Ynak Emini's Magic Scroll Shop.
 21415 | Orc:2    | Found Lafak's Antique Weapon Shoppe.
 21421 | Orc:2    | Reached skill level 13 in Ice Magic
 21633 | Orc:2    | Found Veusut's Antique Weapon Boutique.
 21640 | Orc:2    | Found Quczaos's Book Shop.
 22629 | Orc:2    | Noticed an orc warlord
 22948 | D:11     | Killed an orc warlord
 24041 | Orc:2    | Found a staircase to the Elven Halls.
 24240 | Orc:2    | Bought a scroll of acquirement for 832 gold pieces
 24241 | Orc:2    | Identified the amulet "Somuf" {Gourm *Corrode rF+ Str+2}
                  | (You acquired it on level 2 of the Orcish Mines)
 24303 | Orc:1    | Bought a pair of glowing gloves for 150 gold pieces
 24334 | Orc:2    | Bought a brightly glowing hunting sling for 175 gold pieces
 24334 | Orc:2    | Bought an encrusted whip for 202 gold pieces
 24334 | Orc:2    | Identified the cursed +3 hunting sling "Qesaexoxi" {vorpal,
                  | Fragile Str+8} (You bought it in a shop on level 2 of the
                  | Orcish Mines)
 24336 | Orc:2    | Identified the +1 whip "Worm's Wrath" {venom, MR++} (You
                  | bought it in a shop on level 2 of the Orcish Mines)
 24414 | Lair:1   | Entered Level 1 of the Lair of Beasts
 24452 | Lair:1   | Reached skill level 14 in Ice Magic
 26028 | Lair:2   | Found a hole to the Spider Nest.
 27001 | Lair:2   | Found a staircase to the Swamp.
 27009 | Lair:2   | Offered knowledge of Ozocubu's Refrigeration by Vehumet.
 27715 | Lair:3   | Reached skill level 15 in Ice Magic
 27934 | Lair:3   | Learned a level 6 spell: Ozocubu's Refrigeration
 28733 | Lair:4   | Reached XP level 14. HP: 86/86 MP: 27/33
 30293 | Lair:5   | Reached skill level 16 in Ice Magic
 30473 | Lair:5   | Found a staircase to the Slime Pits.
 30594 | Lair:5   | Learned a level 4 spell: Leda's Liquefaction
 30954 | Lair:5   | Got a pitted chain mail
 31107 | Lair:6   | Entered Level 6 of the Lair of Beasts
 32200 | Lair:6   | Reached skill level 17 in Ice Magic
 32425 | Lair:6   | Reached ****** piety under Vehumet
 32680 | Elf:1    | Entered Level 1 of the Elven Halls
 32992 | Elf:1    | Noticed Agnes
 32997 | Elf:1    | Killed Agnes
 32997 | Elf:1    | Reached skill level 15 in Spellcasting
 32997 | Elf:1    | Reached XP level 15. HP: 74/90 MP: 9/36
 33119 | Elf:1    | Identified the ring of the Cuttlefish {rF+ Int+3}
 33548 | Elf:1    | Reached skill level 18 in Ice Magic
 33761 | Elf:1    | Offered knowledge of Yara's Violent Unravelling by Vehumet.
 34099 | Elf:1    | Learned a level 1 spell: Summon Butterflies
 34102 | Elf:1    | Learned a level 2 spell: Ensorcelled Hibernation
 34127 | Elf:1    | Found Iprel's Jewellery Emporium.
 34144 | Elf:1    | Identified the +1 chain mail "Wiytuowk" {rPois rF+} (You
                  | found it on level 5 of the Lair of Beasts)
 34502 | Elf:1    | Found Qefras's Antique Armour Emporium.
 34509 | Elf:1    | Bought a pair of glowing boots for 262 gold pieces
 34650 | Elf:1    | Reached skill level 19 in Ice Magic
 34663 | Elf:1    | Found a runed translucent gate.
 34663 | Elf:1    | Found a runed translucent gate.
 34663 | Elf:1    | Found a runed translucent gate.
 34663 | Elf:1    | Found a runed translucent gate.
 34663 | Elf:1    | Found a runed translucent gate.
 34664 | Elf:1    | Found a runed translucent gate.
 34664 | Elf:1    | Noticed an iron dragon
 34665 | Elf:1    | Noticed a shadow dragon
 34941 | Elf:1    | HP: 4/90 [iron dragon/spray of metal splinters (61)]
 34953 | Elf:1    | Killed themself with a badly aimed burst of rock shards

Illustrated notes

Levels and vault maps discovered:
D:1:      nzn_arrival_water_spiral, layout_basic
D:2:      layout_basic, first_ration, minmay_misc_feat_tower,
          due_unseen_surprise, uniq_robin
D:3:      layout_basic, uniq_terence
D:4:      layout_loops_ring
D:5:      layout_gridville, nicolae_overflow_crystal_walls, basic_altar,
          serial_shops, shop_statue, uniq_grinder
D:6:      layout_rooms, serial_shops, nicolae_shop_behind_doors
D:7:      layout_layer_cave, ashenzari_altar_1, minmay_temple_entry_mist
D:8:      layout_loops_ring, grunt_temple_overflow_magic_moments,
          nicolae_overflow_hidden_temple,
          chequers_temple_overflow_statue_of_worship, uniq_pikel, uniq_maggie
D:9:      layout_basic, hangedman_ranch [blue_anna_fruit_fields]
D:10:     layout_rooms, basic_altar
D:11:     layout_stronghold, erik_lair_orcish_takeover, serial_shops,
          nicolae_shop_stone, nicolae_shop_trees, due_unseen_surprise,
          uniq_erolcha, uniq_gastronok
D:12:     layout_loops_cross, minmay_orc_entry_guard_dogs, basic_altar
Temple:   pf_slimified_temple
Lair:1:   layout_layer_cave
Lair:2:   layout_gridlike, nicolae_swamp_entry_splash_gauntlet,
          spider_nest_entry_a
Lair:3:   layout_concentric_octagons
Lair:4:   layout_long_grid, st_stairs_3, beast_lair_carwin_5
Lair:5:   layout_gridlike, minmay_slime_entry_oklob_enclosed,
          infiniplex_staircase_pool_2, serial_bayou_shore_b
Lair:6:   grunt_lair_end_beastmaster, layout_long_grid
Orc:1:    orc_temple, layout_caves, serial_shops, shop
Orc:2:    st_orc_open, layout_caves, basic_altar, hangedman_minor_magic,
          uniq_donald
Elf:1:    layout_loops_corners, serial_sigils, serial_sigils_hangedman_carve,
          serial_sigils_hangedman_scar, serial_sigils_hangedman_shear,
          serial_sigils_hangedman_writhe, serial_shops, shop, shop, orc_legates,
          uniq_agnes

Skill      XL: |  1  2  3  4  5  6  7  8  9 10 11 12 13 14 15 |
---------------+----------------------------------------------+-----
Stealth        | 3 |  3.0
Ice Magic      | 5 6 7 9 11 12 15 17 19 | 19.3
Dodging        | 3 9 13 15 | 15.0
Spellcasting   | 4 5 6 7 9 10 13 15 16 | 16.6
Shields        | 4 |  4.0
Fighting       | 4 6 9 |  9.0
Evocations     | 1 3 |  3.0

Action                   |  1- 3 |  4- 6 |  7- 9 | 10-12 | 13-15 || total
-------------------------+-------+-------+-------+-------+-------++-------
Melee: Unarmed           |     1 |       |       |       |     7 ||     8
       Falchion          |       |    52 |   128 |    10 |       ||   190
       Scimitar          |       |       |       |   131 |    79 ||   210
Throw: Dart              |       |       |     1 |     3 |       ||     4
 Cast: Freeze            |    34 |    29 |   103 |    96 |    60 ||   322
       Frozen Ramparts   |     1 |    20 |    38 |    76 |    61 ||   196
       Summon Ice Beast  |       |     2 |    35 |    34 |    46 ||   117
       Ozocubu's Armour  |       |       |     6 |     1 |     5 ||    12
       Blink             |       |       |     1 |     2 |     8 ||    11
       Hailstorm         |       |       |       |    94 |   112 ||   206
       Ice Form          |       |       |       |     2 |     1 ||     3
       Ozocubu's Refrige |       |       |       |       |   173 ||   173
Evoke: Wand              |       |       |       |     9 |     8 ||    17
       Phantom mirror    |       |       |       |       |     1 ||     1
       Tin of tremorston |       |       |       |       |     1 ||     1
  Use: Potion            |       |     5 |     1 |     8 |     1 ||    15
       Scroll            |       |       |       |    23 |    17 ||    40
 Stab: Sleeping          |       |       |     2 |     2 |       ||     4
       Distracted        |       |       |     2 |     1 |       ||     3
       Paralysed         |       |       |       |     2 |       ||     2
  Eat: Chunk             |       |     5 |    16 |    25 |    62 ||   108
       Ration            |       |     1 |     4 |     1 |     2 ||     8
Armor: Robe              |     4 |    13 |    74 |    27 |       ||   118
       Skin              |       |       |       |     6 |       ||     6
       Leather armour    |       |       |       |     9 |    44 ||    53
Dodge: Dodged            |    22 |    62 |   140 |   144 |   188 ||   556
Block: Other             |       |       |    36 |     1 |       ||    37
       Buckler           |       |       |       |   133 |   108 ||   241
       Rpst.: Falchion   |       |    24 |    43 |     5 |       ||    72
       Scimitar          |       |       |       |    38 |    39 ||    77

Table legend:
 A = Non-vault XP
 B = Vault XP
 C = Vault XP percentage of total XP
 D = Non-vault monster count
 E = Vault monster count
 F = Vault count percentage of total count
                 A         B        C        D         E       F
            +---------+---------+-------+---------+---------+-------
      Total |   86774 |   57994 |  40.1 |     553 |     179 |  24.5
            +---------+---------+-------+---------+---------+-------
        D:1 |      28 |       0 |   0.0 |      15 |       0 |   0.0
        D:2 |     121 |      36 |  22.9 |      23 |      12 |  34.3
        D:3 |     160 |      36 |  18.4 |      36 |       1 |   2.7
        D:4 |     600 |       0 |   0.0 |      36 |       0 |   0.0
        D:5 |     627 |     141 |  18.4 |      18 |       1 |   5.3
        D:6 |      78 |       0 |   0.0 |       5 |       0 |   0.0
        D:7 |     530 |       0 |   0.0 |      12 |       0 |   0.0
        D:8 |    1297 |    1032 |  44.3 |      32 |       2 |   5.9
        D:9 |    1878 |       0 |   0.0 |      36 |       0 |   0.0
       D:10 |    2550 |       0 |   0.0 |      24 |       0 |   0.0
       D:11 |    4077 |    3472 |  46.0 |      19 |      11 |  36.7
       D:12 |    5946 |     643 |   9.8 |      40 |       4 |   9.1
     Lair:1 |    3440 |       0 |   0.0 |      17 |       0 |   0.0
     Lair:2 |    3138 |    1152 |  26.9 |      13 |       7 |  35.0
     Lair:3 |    4989 |       0 |   0.0 |      18 |       0 |   0.0
     Lair:4 |    7434 |    1830 |  19.8 |      24 |       9 |  27.3
     Lair:5 |    6062 |    1672 |  21.6 |      23 |       3 |  11.5
     Lair:6 |    8679 |    9625 |  52.6 |      35 |      18 |  34.0
      Orc:1 |    2527 |    4587 |  64.5 |      35 |      27 |  43.5
      Orc:2 |    3411 |   16799 |  83.1 |      43 |      53 |  55.2
      Elf:1 |   29202 |   16969 |  36.8 |      49 |      31 |  38.8
            +---------+---------+-------+---------+---------+-------
